 Dungeon Crawl Stone Soup version 0.16-a0-3706-g5dff784 (console) character file.

594 MrRokkomies the Insei (level 7, -1/64 HPs)
             Began as an Octopode Transmuter on Jan 19, 2015.
             Was an Initiate of Ru.
             Slain by a crimson imp (3 damage)
             ... on level 5 of the Dungeon.
             The game lasted 00:24:04 (4527 turns).

MrRokkomies the Insei (Octopode Transmuter)         Turns: 4527, Time: 00:24:04

Health: -1/64      AC:  2    Str: 14    XL:     7   Next: 39%
Magic:  12/12      EV: 19    Int: 18    God:    Ru [......]
Gold:   324        SH:  0    Dex: 17    Spells: 2 memorised, 6 levels left

rFire  . . .     SeeInvis .       - Unarmed
rCold  . . .     Clarity  +     c - melded +1 buckler
rNeg   . . .     SustAb   .     (helmet currently unavailable)
rPois  x         Gourm    .     f - amulet of clarity
rElec  .         Spirit   .     (no ring)
rCorr  .         Warding  .     (no ring)
rMut   .         Stasis   .     (no ring)
MR     .....                    (no ring)
Stlth  ..........               (no ring)
                                (no ring)
                                (no ring)
                                (no ring)

@: berserking, spider-form (expiring), very quick, not resistant to hostile
enchantments, extremely unstealthy
A: almost no armour, amphibious, 8 rings, (constrict 8), (camouflage 0),
(gelatinous body 0)
a: End Transformation, Renounce Religion


You were on level 5 of the Dungeon.
You worshipped Ru.
Ru was noncommittal.
You were hungry.
You were a venomous arachnid creature.
You visited 1 branch of the dungeon, and saw 5 of its levels.

You collected 324 gold pieces.

Inventory:

Missiles
 b - 39 arrows
 g - 9 stones (quivered)
Armour
 c - a +1 buckler (melded)
Jewellery
 f - an amulet of clarity (around neck)
 m - an uncursed amulet of stasis
Magical devices
 k - a wand of confusion (16)
 n - a wand of teleportation (4)
Scrolls
 j - 2 scrolls of remove curse
Potions
 e - a potion of brilliance
 h - a potion of haste
 i - a potion of restore abilities
 p - 2 potions of cancellation {unknown}
 s - 3 potions of flight
Books
 d - a book of Changes

   Spells                             Type                      Level
   a - Beastly Appendage              Transmutation                1
   b - Sticks to Snakes               Transmutation                2
   c - Spider Form                    Transmutation/Poison         3
   d - Ice Form                       Ice/Transmutation            4
   e - Blade Hands                    Transmutation                5
Comestibles
 a - 2 bread rations


   Skills:
 - Level 1.2 Fighting
 - Level 2.0 Dodging
 * Level 4.9 Shields
 * Level 5.6 Unarmed Combat
 - Level 2.0 Spellcasting
 + Level 3.6 Transmutations


You had 6 spell levels left.
You knew the following spells:

 Your Spells              Type           Power        Failure   Level  Hunger
a - Beastly Appendage     Trmt           ##....       14%         1    #......
b - Spider Form           Trmt/Pois      #.........   52%         3    ###....


Dungeon Overview and Level Annotations

Branches:
Dungeon (5/15)
 Temple: D:4-7

Altars:
Ashenzari
Fedhas
Ru

Annotations:
D:4 Natasha


Innate Abilities, Weirdness & Mutations

You cannot wear most types of armour.
You are amphibious.
You can wear up to eight rings at the same time.
((You can use your tentacles to constrict many enemies at once.))
((Your skin changes colour to match your surroundings (Stealth).))
((Your rubbery body absorbs attacks (AC +1).))


Message History

Drink which item? (? for menu, Esc to quit)
It was a potion of magic.
Magic courses through your body. The hound closely misses you.
The rat closely misses you.
The crimson imp hits you but does no damage.
The hound misses you.
Drink which item? (? for menu, Esc to quit)
It was a potion of berserk rage.
A red film seems to cover your vision as you go berserk!
You feel yourself moving faster!
You feel mighty! The hound barely misses you.
The rat twitches its whiskers.
The rat closely misses you. The crimson imp closely misses you.
You are too injured to fight recklessly!
You are too injured to fight recklessly!
You are too injured to fight recklessly!
You are too injured to fight recklessly!
You bite the hound!
You kill the hound!
The rat bites you but does no damage. The crimson imp hits you.
You die...

#...# #.....
#....####.....
.#...........#
.............#
#5.........#
#...####<..# .
##...#
...###...5#
........s.#
..........r.#
..######....#
#......
#........
#........
#.......
#...... ....


You could see a crimson imp and a rat.

Vanquished Creatures
  A phantom (D:4)
  Blork the orc (D:4)
  A hound (D:5)
  2 giant frog skeletons (D:4)
  An orc wizard (D:4)
  Natasha (twice) (D:4)
  2 worker ants (D:4)
  Ijyb (D:1)
  A hound skeleton (D:3)
  Terence (D:3)
  4 gnolls (D:4)
  7 adders
  A giant mite (D:3)
  2 worms (D:3)
  2 giant geckos
  An ooze (D:4)
  2 orcs
  4 giant cockroaches
  18 goblins
  9 hobgoblins
  4 jackals (D:2)
  A quokka (D:3)
  9 bats
  7 giant newts
  8 kobolds
  8 rats
100 creatures vanquished.

Notes
Turn   | Place    | Note
--------------------------------------------------------------
     0 | D:1      | MrRokkomies, the Octopode Transmuter, began the quest for the Orb.
     0 | D:1      | Reached XP level 1. HP: 13/13 MP: 3/3
   130 | D:1      | Reached XP level 2. HP: 18/18 MP: 4/4
   189 | D:1      | Reached skill level 1 in Shields
   667 | D:1      | Reached XP level 3. HP: 14/23 MP: 6/6
  1245 | D:2      | Noticed Ijyb
  1286 | D:1      | Killed Ijyb
  1286 | D:1      | Reached XP level 4. HP: 13/28 MP: 4/7
  2109 | D:2      | Learned a level 3 spell: Spider Form
  2164 | D:2      | Found a sacrificial altar of Ru.
  2179 | D:2      | Became a worshipper of Ru the Awakened
  2466 | D:3      | Noticed Terence
  2483 | D:3      | Killed Terence
  2483 | D:3      | Reached skill level 4 in Unarmed Combat
  2483 | D:3      | Reached XP level 5. HP: 31/33 MP: 6/9
  3208 | D:4      | Reached XP level 6. HP: 23/38 MP: 10/10
  3307 | D:4      | Found a shattered altar of Ashenzari.
  3337 | D:4      | Found a blossoming altar of Fedhas.
  3351 | D:4      | Noticed a phantom
  3451 | D:4      | Killed a phantom
  3483 | D:4      | Noticed Natasha
  3493 | D:4      | Killed Natasha
  3667 | D:4      | Reached skill level 5 in Unarmed Combat
  3677 | D:4      | Noticed Natasha
  3689 | D:4      | Killed Natasha
  3982 | D:4      | Noticed Blork the orc
  4002 | D:4      | Reached XP level 7. HP: 27/43 MP: 9/12
  4472 | D:4      | Killed Blork the orc
  4484 | D:4      | Noticed Natasha
  4509 | D:5      | Entered Level 5 of the Dungeon
  4523 | D:5      | HP: 1/43 [crimson imp (4)]
  4527 | D:5      | Slain by a crimson imp

Action                   |  1- 3 |  4- 6 |  7- 9 || total
-------------------------+-------+-------+-------++-------
Melee: Unarmed           |    93 |   198 |    40 ||   331
Throw: Stone             |     4 |    21 |       ||    25
 Cast: Beastly Appendage |     5 |    11 |     1 ||    17
       Spider Form       |       |     6 |     3 ||     9
  Use: Scroll            |     4 |     9 |       ||    13
       Potion            |     3 |     1 |     5 ||     9
 Stab: Sleeping          |       |     5 |       ||     5
  Eat: Chunk             |     1 |     5 |     2 ||     8
       Meat ration       |       |     1 |       ||     1
